 Dungeon Crawl Stone Soup version 0.30-a0-23-ge60ba3568b (webtiles) character file.

Game seed: 12555405678094744312

10794 SensoryNuts the Cleaver (level 11, -2/148 HPs)
             Began as a Minotaur Fighter on Aug 25, 2022.
             Slain by a manticore (7 damage)
             ... on level 10 of the Dungeon.
             The game lasted 00:20:07 (13056 turns).

SensoryNuts the Cleaver (Minotaur Fighter)         Turns: 13056, Time: 00:20:07

Health: -2/148     AC: 25    Str: 22    XL:     11   Next: 40%
Magic:  10/10      EV:  2    Int:  5    God:
Gold:   636        SH:  7    Dex: 19    Spells: 10/10 levels left

rFire   . . .      SeeInvis .    a - +1 war axe
rCold   x . .      Faith    .    c - +0 buckler
rNeg    + . .      Spirit   .    (body armour currently unavailable)
rPois   +          Reflect  .    (helmet currently unavailable)
rElec   .          Harm     .    (cloak currently unavailable)
rCorr   .          Rampage  .    (gloves currently unavailable)
Will    +++..      NoTele   +    (boots currently unavailable)
Stlth   +.........               l - amulet of the acrobat
HPRegen 0.34/turn                B - ring "Olo Noqa" {rPois rC- rN+ Will+++ Stlth-}
MPRegen 0.12/turn                s - +6 ring of dexterity

@: tree-form (expiring)
A: stationary, stasis, torment immunity, boosted hp, (horns 2), (retaliatory
headbutt)
a: no special abilities


You were on level 10 of the Dungeon.
You were a tree.
You visited 2 branches of the dungeon, and saw 11 of its levels.
You also visited: Sewer.

You collected 636 gold pieces.

Inventory:

Hand Weapons
 a - a +1 war axe (weapon)
Missiles
 i - 5 throwing nets (quivered)
Armour
 b - a +0 scale mail (melded)
 c - a +0 buckler (worn)
 d - a scarf of resistance (melded)
 g - a +1 pair of gloves (melded)
Jewellery
 l - an amulet of the acrobat (around neck)
 s - a +6 ring of dexterity (right branch)
 t - a ring of fire
 B - the ring "Olo Noqa" (left branch) {rPois rC- rN+ Will+++ Stlth-}
   (You found it on level 8 of the Dungeon)

   [ring of positive energy]

   rC:        It makes you vulnerable to cold.
   rPois:     It protects you from poison.
   rN:        It protects you from negative energy.
   Will:      It greatly increases your willpower.
   Stlth:     It makes you less stealthy.
Wands
 o - a wand of roots (6)
 u - a wand of flame (10)
 E - a wand of acid (13)
Scrolls
 h - 2 scrolls of fear
 j - a scroll of amnesia
 p - 3 scrolls of immolation
 q - a scroll of teleportation
 x - 3 scrolls of vulnerability
 y - a scroll of butterflies
 A - a scroll of magic mapping
Potions
 f - a potion of magic
 k - 3 potions of lignification
 z - a potion of mutation
 C - 2 potions of cancellation


   Skills:
 + Level 9.8 Fighting
 + Level 13.9 Axes
 + Level 10.8 Armour
 + Level 5.1 Dodging
 + Level 2.5 Stealth
 + Level 7.9 Shields


You had 10 spell levels left.
You didn't know any spells.
Your spell library contained the following spells:

 Spells                   Type           Power      Damage    Failure   Level
 Beastly Appendage        Tmut           0%         N/A       54%         1
 Slow                     Hex            0%         N/A       54%         1
 Poisonous Vapours        Pois/Air       0%         N/A       69%         2
 Wereblood                Tmut           0%         N/A       69%         2
 Confusing Touch          Hex            0%         N/A       89%         3
 Spider Form              Tmut/Pois      0%         N/A       89%         3
 Vampiric Draining        Necr           0%         2d6       89%         3
 Corpse Rot               Necr/Pois/Air  0%         N/A       100%        4


Dungeon Overview and Level Annotations

Branches:
Dungeon (10/15)            Temple (1/1) D:5            Lair (0/5) D:10
  Sewer (visited)
    Orc: D:9-12

Altars:
Ashenzari
Cheibriados
Dithmenos
Elyvilon
Fedhas
Gozag
Kikubaaqudgha
Makhleb
Nemelex Xobeh
Okawaru
Qazlal
Ru
Sif Muna
Trog
Uskayaw
Wu Jian
Xom
Yredelemnul
Zin
The Shining One

Shops:
D:4 *

Annotations:
D:3 2 transporters, hgbash's ghost, amateur DsNe
D:4 3 runed translucent doors, ponyjar's ghost, amateur DsNe
D:10 Amaemon


Innate Abilities, Weirdness & Mutations

You are a tree.
Your roots penetrate the ground, keeping you stationary.
You cannot be teleported.
You are immune to unholy pain and torment.
Your maximum health is greatly increased.
Your equipment is partially melded.
((You have a pair of horns on your head.))
((You reflexively headbutt those who attack you in melee.))


Message History

As you read the scroll of fear, it crumbles to dust.
You assume a fearsome visage.
The yak looks frightened!
The manticore looks frightened!
The yak resists with some effort.
The yak looks frightened! x4
A yak comes into view.
The yak bellows!
You slash the yak!
The yak is moderately wounded.
The yak gores you but does no damage.
You closely miss the yak.
The yak is moderately wounded.
A yak comes into view.
You block the yak's attack.
The yak bellows!
You slash the yak!
The yak is severely wounded.
You block the yak's attack.
You barely miss the yak.
The yak is severely wounded.
The yak gores you.
* * * LOW HITPOINT WARNING * * *
You slash the yak!
The yak is almost dead.
You hit the yak.
You kill the yak!
You hit the yak but do no damage. You block the yak's attack.
You hit the yak.
The yak is lightly wounded.
You block the yak's attack.
You hit the yak.
The yak is moderately wounded.
The yak gores you but does no damage.
You slash the manticore!
The manticore is heavily wounded.
You barely miss the yak.
Your transformation is almost over.
You slash the manticore!
The manticore is severely wounded.
You hit the yak but do no damage. The manticore bites you!
You die...

#.#...#..##.#.... #
#.'...#..##.#.... #.
#.#...#..##.#...# #..
#.#...#>.##.#...#
#..##.#...#..##.#...'
##.....#...#.....#...#
#.....)#...#.....#####
#..####.....##.........
#. #$H♣###...#..(^.....
#/$##YY# ..#.........
#Y #[}# .#......... #
#(# #......... #.#
########## .# # # # # #


You could see a manticore and 3 yaks.

Vanquished Creatures
  Erica (D:9)
  3 two-headed ogres
  Pikel (D:5)
  Joseph (D:9)
  Maggie (D:6)
  A kobold demonologist (D:10)
  A komodo dragon (D:10)
  A troll (D:10)
  A hornet (D:10)
  A vampire (D:10)
  4 wyverns
  A shadow (D:10)
  2 yaks (D:10)
  A steam dragon (D:7)
  2 water moccasins
  Edmund (D:5)
  6 orc warriors
  3 ice beasts (D:7)
  2 centaurs
  A phantom (D:7)
  8 bullfrogs
  A necrophage (D:8)
  A scorpion (D:6)
  15 wights
  6 killer bees
  6 howler monkeys
  3 jellies
  4 orc priests
  4 hounds
  A gnoll bouda (D:6)
  4 iguanas
  5 orc wizards
  16 gnolls
  15 adders
  A river rat (D:5)
  A shadow imp (D:6)
  A white imp (D:8)
  3 ufetubi
  4 worms
  A dart slug (D:2)
  14 orcs
  10 ball pythons
  10 endoplasms
  9 giant cockroaches
  7 goblins
  6 hobgoblins
  8 jackals
  13 quokkas
  7 bats
  13 frilled lizards
  7 kobolds
  8 rats
247 creatures vanquished.

Vanquished Creatures (collateral kills)
  Harold (D:10)
  A troll (D:9)
  A howler monkey (D:9)
  An orc wizard (D:9)
  An orc (D:9)
5 creatures vanquished.

Vanquished Creatures (others)
  A howler monkey (D:7)
  14 plants (D:10)
15 creatures vanquished.

Grand Total: 267 creatures vanquished

Notes
Turn   | Place    | Note
-------+----------+-------------------------------------------
     0 | D:1      | SensoryNuts the Minotaur Fighter began the quest for the
                  | Orb.
     0 | D:1      | Reached XP level 1. HP: 19/19 MP: 0/0
   232 | D:1      | Reached XP level 2. HP: 23/27 MP: 1/1
   409 | D:1      | Found a faded altar of an unknown god.
   831 | D:2      | Reached skill level 3 in Axes
   831 | D:2      | Reached XP level 3. HP: 21/33 MP: 2/2
  1159 | D:2      | Reached XP level 4. HP: 40/40 MP: 3/3
  1184 | D:2      | Reached skill level 4 in Axes
  1436 | D:2      | Reached XP level 5. HP: 46/46 MP: 4/4
  2331 | D:3      | Found a transporter.
  2337 | D:3      | Noticed hgbash's ghost (amateur DsNe)
  2462 | D:3      | Reached skill level 5 in Axes
  2541 | D:3      | Found a transporter.
  3081 | D:3      | Found a shimmering blue altar of Sif Muna.
  3220 | D:3      | Found an ancient bone altar of Kikubaaqudgha.
  3224 | D:3      | Found a blossoming altar of Fedhas.
  3485 | D:4      | Reached skill level 5 in Armour
  3630 | D:4      | Found a runed translucent gate.
  3630 | D:4      | Found a runed translucent gate.
  3631 | D:4      | Found a runed translucent gate.
  3633 | D:4      | Noticed ponyjar's ghost (amateur DsNe)
  3637 | D:4      | Identified the +10 plate armour of the Minstrel {Int+4
                  | Dex+2 Slay+3 Stlth+}
  3637 | D:4      | Noticed an orc warrior
  3785 | D:4      | Found Juengu's Overcharged Wands.
  4108 | D:5      | Entered Level 5 of the Dungeon
  4197 | D:5      | Reached XP level 6. HP: 53/53 MP: 5/5
  4276 | D:5      | Noticed Edmund
  4286 | D:5      | Killed Edmund
  4287 | D:5      | Reached skill level 6 in Axes
  4287 | D:5      | Reached skill level 1 in Dodging
  4351 | D:5      | Found a glowing drain.
  4355 | D:5      | Noticed a water moccasin
  4371 | D:5      | Killed a water moccasin
  4372 | D:5      | Reached XP level 7. HP: 49/60 MP: 6/6
  4391 | Sewer    | Entered a sewer
  4758 | Sewer    | Reached skill level 5 in Fighting
  4758 | Sewer    | Reached skill level 7 in Axes
  5517 | D:5      | Reached skill level 1 in Stealth
  5874 | D:5      | Found a staircase to the Ecumenical Temple.
  5903 | Temple   | Entered the Ecumenical Temple
  6134 | D:6      | Noticed Pikel
  6165 | D:5      | Killed Pikel
  6166 | D:5      | Reached skill level 8 in Axes
  6166 | D:5      | Reached skill level 5 in Shields
  6166 | D:5      | Reached XP level 8. HP: 43/70 MP: 7/7
  6509 | D:6      | Identified the +2 leather armour "Baevink" {rF+ Regen+}
  6548 | D:6      | Found a white marble altar of Elyvilon.
  6729 | D:6      | Reached skill level 9 in Axes
  6921 | D:6      | Noticed Maggie
  6930 | D:6      | Killed Maggie
  6931 | D:6      | Reached XP level 9. HP: 65/78 MP: 8/8
  6935 | D:6      | Reached skill level 10 in Axes
  7903 | D:7      | Found a shimmering altar of Xom.
  7914 | D:7      | Reached skill level 11 in Axes
  8848 | D:7      | Found a glowing silver altar of Zin.
  8962 | D:7      | Reached XP level 10. HP: 38/88 MP: 9/9
  9312 | D:8      | Identified the ring "Olo Noqa" {rPois rC- rN+ Will+++
                  | Stlth-}
  9637 | D:8      | Reached skill level 12 in Axes
 10233 | D:8      | Found a burning altar of Makhleb.
 10233 | D:8      | Found a snail-covered altar of Cheibriados.
 10234 | D:8      | Found a sacrificial altar of Ru.
 10367 | D:9      | Noticed Erica
 10375 | D:9      | Killed Erica
 10396 | D:9      | Noticed a two-headed ogre
 10409 | D:9      | Killed a two-headed ogre
 10724 | D:9      | Noticed a two-headed ogre
 10730 | D:9      | Killed a two-headed ogre
 10759 | D:9      | Reached skill level 13 in Axes
 11000 | D:9      | Noticed Joseph
 11002 | D:9      | Reached skill level 10 in Armour
 11012 | D:9      | Killed Joseph
 11028 | D:9      | HP: 1/91 [troll (12)]
 11065 | D:8      | Found a glowing golden altar of the Shining One.
 11065 | D:8      | Found an iron altar of Okawaru.
 11499 | D:9      | Identified the +6 lajatang of the Median {vorpal, Will+}
 11584 | D:9      | Reached XP level 11. HP: 93/97 MP: 10/10
 11890 | D:10     | Entered Level 10 of the Dungeon
 11901 | D:10     | Noticed Harold
 11926 | D:10     | Killed Harold
 12334 | D:10     | Noticed Amaemon
 12566 | D:10     | Found a staircase to the Lair.
 12809 | D:10     | Noticed a two-headed ogre
 12816 | D:10     | Killed a two-headed ogre
 12968 | D:10     | Identified the +3 short sword of Dismay {distort, rCorr
                  | Str+4 Int+2 Dex+2}
 12983 | D:10     | Reached skill level 5 in Dodging
 13025 | D:10     | HP: 5/148 [something (9)]
 13044 | D:10     | HP: 7/148 [manticore (10)]
 13049 | D:10     | HP: 3/148 [yak (6)]
 13056 | D:10     | Slain by a manticore

Illustrated notes

Levels and vault maps discovered:
D:1:      amcnicky_arrival_blooded_trapdoor, layout_loops_ring,
          shapermc_ecumenical_altar_totnotflames
D:2:      layout_basic, chequers_garden, minmay_hexomino_f4
D:3:      minmay_general_purpose_star, layout_loops_cross,
          grunt_temple_overflow_growth_and_decay, lemuel_blue_sif_altar,
          gammafunk_ghost_arena, serial_co_window_serial, co_window_paths_a,
          co_window_of_opportunity_a, co_window_corner_a, co_window_paths_b,
          co_window_paths_a, co_window_paths_b, co_window_of_opportunity_a,
          co_window_paths_c, co_window_cross_3, co_window_broadway_c,
          glass_columns_a, glass_columns_a
D:4:      layout_cave_pools, serial_glass, glass_columns_a, glass_columns_b,
          biasface_ghost_orc_armoury, nicolae_shop_overcharged_wands
D:5:      layout_basic, minmay_temple_entry_enclosed_plants,
          cheibrodos_sewer_entry_sluice, uniq_edmund
D:6:      layout_cave_pools, mainiacjoe_overflow_catwalk, uniq_pikel,
          uniq_maggie
D:7:      layout_loops_ring, zin_statuary, chequers_arboretum,
          minmay_ruined_shrine
D:8:      layout_loops_ring, nicolae_overflow_hidden_temple
D:9:      layout_long_grid, uniq_joseph, uniq_erica
D:10:     layout_stronghold, amethyst_overflow_temple_binary,
          david_lair_shrubbed, minmay_alternating_orb, uniq_amaemon, uniq_harold
Temple:   eino_temple_lava

Skill      XL: |  1  2  3  4  5  6  7  8  9 10 11 |
---------------+----------------------------------+-----
Fighting       | 4 5 6 8 9 |  9.8
Armour         | 4 5 7 8 10 | 10.8
Axes           | 3 4 5 6 8 9 11 13 | 13.9
Shields        | 4 5 7 |  7.9
Dodging        | 1 2 3 4 5 |  5.1
Stealth        | 1 2 |  2.5

Action                   |  1- 3 |  4- 6 |  7- 9 | 10-12 || total
-------------------------+-------+-------+-------+-------++-------
Melee: War axe           |    69 |   110 |   305 |   248 ||   732
       Headbutt          |     7 |    10 |    45 |    47 ||   109
  Use: Potion            |       |     6 |     4 |    14 ||    24
       Scroll            |       |     7 |     8 |    10 ||    25
Armor: Scale mail        |    31 |    55 |   149 |    57 ||   292
       Skin              |       |       |       |    20 ||    20
Dodge: Dodged            |    42 |    48 |   174 |   107 ||   371
Block: Buckler           |    16 |    28 |    84 |    62 ||   190

Table legend: (Time is in decaauts)
 A = Elapsed time spent in this place.
 B = Non-inter-level travel time spent in this place.
 C = Inter-level travel time spent in this place.
 D = Time resting spent in this place.
 E = Time spent auto-exploring this place.
 F = Levels seen in this place.
 G = Mean time per level.
                   A        B        C        D        E       F      G
               +--------+--------+--------+--------+--------+-----+--------+
         Total |  13180 |  12733 |    447 |   1224 |   9506 |  12 | 1098.3 |
       Dungeon |  12547 |  12100 |    447 |   1224 |   9126 |  10 | 1254.7 |
        Temple |     82 |     82 |      0 |      0 |     64 |   1 |   82.0 |
         Sewer |    549 |    549 |      0 |      0 |    316 |   1 |  549.0 |
               +--------+--------+--------+--------+--------+-----+--------+

Top non-repeatable levels by time:
     D:5: 1817 daAuts
     D:2: 1505 daAuts
     D:8: 1492 daAuts
     D:6: 1425 daAuts
     D:7: 1287 daAuts
     D:9: 1219 daAuts
    D:10: 1147 daAuts
     D:3: 1062 daAuts
     D:1: 842 daAuts
     D:4: 748 daAuts
   Sewer: 549 daAuts
  Temple: 82 daAuts
